 Dungeon Crawl Stone Soup version 0.31-a0-217-g58bb5d79cf (webtiles) character file.

Game seed: 11489458290399443995

434 qw the Shooter (level 6, -5/52 HPs)
             Began as a Minotaur Hexslinger on July 2, 2023.
             Slain by Edmund
             ... wielding a +2 flail of holy wrath
              (9 damage)
             ... on level 4 of the Dungeon.
             The game lasted 00:01:06 (2731 turns).

qw the Shooter (Minotaur Hexslinger)                Turns: 2731, Time: 00:01:07

Health: -5/52      AC:  8    Str: 12    XL:     6   Next: 67%
Magic:  6/6        EV: 11    Int: 10    God:
Gold:   159        SH:  0    Dex: 15    Spells: 6/7 levels left

rFire   . . .        Y - +1 sling (flame)
rCold   . . .        (no shield)
rNeg    . . .        m - +1 ring mail {rPois}
rPois   +            (helmet restricted)
rElec   .            b - +1 cloak
rCorr   .            (no gloves)
SInv    .            (no boots)
Will    .....        (no amulet)
Stlth   +            (no ring)
HPRegen 0.28/turn    (no ring)
MPRegen 0.10/turn

%: no passive effects
@: about to teleport
A: horns 2, retaliatory headbutt
a: no special abilities


You were on level 4 of the Dungeon.
You visited 1 branch of the dungeon, and saw 4 of its levels.

You collected 159 gold pieces.


Innate Abilities, Weirdness & Mutations

You have a pair of horns on your head.
You reflexively headbutt those who attack you in melee.


   Skills:
 - Level 4.1 Fighting
 + Level 6.9 Ranged Weapons
 - Level 1.0 Armour
 - Level 2.1 Dodging
 - Level 1.0 Spellcasting
 - Level 2.0 Hexes


You had 6 spell levels left.
You knew the following spells:

 Your Spells              Type           Power      Damage    Failure   Level
a - Slow                  Hex            16%        N/A       34%         1

Your spell library contained the following spells:

 Spells                   Type           Power      Damage    Failure   Level
 Inner Flame              Hex/Fire       2%         N/A       83%         3
 Portal Projectile        Hex/Tloc       4%         N/A       83%         3
 Cause Fear               Hex            2%         N/A       98%         4

Inventory:

Hand Weapons
 Y - a +1 sling of flaming (weapon)
Armour
 b - a +1 cloak (worn)
 c - a +1 pair of boots of stealth
 k - the +0 ring mail of Eye-covered Freedom {Rampage rElec Slay-2}
   (You found it on level 4 of the Dungeon)

   Slay:      It affects your accuracy & damage with ranged weapons and melee
   (-2).
   rElec:     It insulates you from electricity.
   Rampage:   It bestows one free step when moving towards enemies.
 m - a +1 ring mail of poison resistance (worn)
Scrolls
 a - a scroll of identify
 f - 2 scrolls of teleportation
Potions
 d - 2 potions of curing
 e - a potion of heal wounds {unknown}
 g - a potion of might {unknown}
 h - a potion of resistance {unknown}
 i - a potion of haste {unknown}
 j - a potion of mutation {unknown}
 l - a potion of enlightenment {unknown}

Dungeon Overview and Level Annotations

Branches:
Dungeon (4/15)
 Temple: D:4-7

Altars:
Ashenzari
Dithmenos
Kikubaaqudgha
Ru

Shops:
D:2 =

Annotations:
D:4 Edmund


Message History

You shoot a sling bullet. The sling bullet barely misses Edmund.
Edmund hits you with a +2 flail of holy wrath.
Edmund barely misses you. You furiously retaliate!
You headbutt Edmund! You shoot a sling bullet.
The sling bullet closely misses Edmund.
Edmund hits you but does no damage.
You shoot a sling bullet.
The sling bullet hits Edmund but does no damage.
Edmund is heavily wounded.
Edmund hits you with a +2 flail of holy wrath.
You shoot a sling bullet.
The sling bullet hits Edmund but does no damage.
Edmund is heavily wounded.
Edmund hits you but does no damage.
You shoot a sling bullet.
The sling bullet hits Edmund but does no damage.
Edmund is heavily wounded.
Edmund closely misses you. You furiously retaliate!
You headbutt Edmund. You shoot a sling bullet.
The sling bullet hits Edmund but does no damage.
Edmund is heavily wounded.
Edmund drinks a potion.
Edmund is healed!
You shoot a sling bullet.
The sling bullet hits Edmund but does no damage.
Edmund is moderately wounded.
Edmund hits you with a +2 flail of holy wrath.
You shoot a sling bullet. The sling bullet barely misses Edmund.
Edmund hits you with a +2 flail of holy wrath. x2
2728 ||| READING 3 scrolls of teleportation.
As you read the scroll of teleportation, it crumbles to dust.
You feel strangely unstable. Edmund hits you but does no damage.
You shoot a sling bullet.
The sling bullet hits Edmund but does no damage.
Edmund is moderately wounded.
Edmund hits you with a +2 flail of holy wrath.
You shoot a sling bullet. The sling bullet barely misses Edmund.
Edmund closely misses you.
You shoot a sling bullet. The sling bullet closely misses Edmund.
Edmund hits you with a +2 flail of holy wrath!
You die...

# ## #. .#. #.# #
?.. ..##. ..#
...< ... #..# ..#
..S ..#
..#.##@#### ...
.......@..# ...
..#.#..##.# ...
......#.## ...
..#.#.#.#..### .
.. .#.......#
#.#.#.#.#..#.#
#............#
#.#....##.#..##
..#.......#.....#


You could see Edmund and a ball python.

Vanquished Creatures
  2 phantoms (D:4)
  A kobold brigand (D:4)
  An iguana (D:4)
  2 orc wizards (D:4)
  9 adders
  2 worms (D:2)
  2 dart slugs (D:1)
  An orc (D:4)
  6 ball pythons
  4 endoplasms
  2 giant cockroaches (D:3)
  9 hobgoblins
  2 quokkas
  4 bats
  3 frilled lizards
  3 goblins
  3 kobolds
  3 rats
59 creatures vanquished.

Notes
Turn   | Place    | Note
-------+----------+-------------------------------------------
     0 | D:1      | qw the Minotaur Hexslinger began the quest for the Orb.
     0 | D:1      | Reached XP level 1. HP: 16/16 MP: 1/1
     0 | D:1      | 0 ||| qw: Version: 0.3-a-40-ge99b1a8
     0 | D:1      | 0 ||| qw: Game counter: 17
     0 | D:1      | 0 ||| qw: Melee chars always use a shield: true
     0 | D:1      | 0 ||| qw: God list: Okawaru
     0 | D:1      | 0 ||| qw: Allow faded altars: false
     0 | D:1      | 0 ||| qw: Do Orc after clearing Dungeon:15 true
     0 | D:1      | 0 ||| qw: Do second Lair branch before Depths: true
     0 | D:1      | 0 ||| qw: Lair rune preference: random
     0 | D:1      | 0 ||| qw: Goals: Normal
     0 | D:1      | 0 ||| PLANNING D:1-11
    21 | D:1      | 21 ||| FLEEEEING.
    23 | D:1      | 23 ||| FLEEEEING.
    24 | D:1      | 24 ||| FLEEEEING.
   319 | D:1      | Reached skill level 3 in Ranged Weapons
   340 | D:1      | Reached XP level 2. HP: 23/23 MP: 2/2
   698 | D:1      | 698 ||| UPGRADING to +1 ring mail of poison resistance.
   708 | D:1      | 708 ||| DROPPING +0 robe.
   709 | D:1      | 709 ||| READING 3 scrolls labelled MYWOAFA VUDGHU.
   710 | D:1      | 710 ||| READING 2 scrolls labelled OSIFOA BAGIA.
   714 | D:1      | 714 ||| READING scroll labelled IPSILO SAOMI.
   715 | D:1      | 715 ||| READING 2 scrolls labelled CIDOUQA LACE.
   716 | D:1      | 716 ||| READING scroll labelled TYTAFE CUELEMA.
   717 | D:1      | 717 ||| READING scroll labelled CAJETA BEOPHUD.
   718 | D:1      | 718 ||| READING 2 scrolls of identify.
   718 | D:1      | 718 ||| IDENTIFYING brown potion
   719 | D:1      | 719 ||| DROPPING scroll of poison.
   720 | D:1      | 720 ||| DROPPING scroll of fear.
   758 | D:2      | Reached XP level 3. HP: 29/29 MP: 3/3
   770 | D:2      | Found Guzoe's Jewellery Shoppe.
   773 | D:2      | 773 ||| SHOPLISTING +4 ring of protection (432 gold, have
                  | 56).
   773 | D:2      | 773 ||| SHOPLISTING +5 ring of evasion (432 gold, have 56).
   773 | D:2      | 773 ||| SHOPLISTING amulet of faith (480 gold, have 56).
   773 | D:2      | 773 ||| SHOPLISTING amulet of reflection (360 gold, have
                  | 56).
   773 | D:2      | 773 ||| SHOPLISTING ring "Gatteit" {Drain +Blink Will+
                  | Dex+3} (476 gold, have 56).
   773 | D:2      | 773 ||| SHOPLISTING ring of fire (300 gold, have 56).
   879 | D:2      | Found a sacrificial altar of Ru.
   937 | D:2      | Reached skill level 4 in Ranged Weapons
   947 | D:2      | Found a faded altar of an unknown god.
  1016 | D:2      | Reached skill level 1 in Armour
  1412 | D:2      | 1412 ||| UPGRADING to +0 cloak.
  1417 | D:2      | 1417 ||| READING scroll labelled YXKO HURUILAJOWAMO.
  1418 | D:2      | 1418 ||| READING scroll labelled RIBBOURCHINK.
  1519 | D:2      | 1519 ||| READING scroll labelled YVVONY JOROESS.
  1572 | D:2      | 1572 ||| READING 2 scrolls labelled HAONUB YNUYDIXAD.
  1573 | D:2      | 1573 ||| READING scroll of enchant armour.
  1573 | D:2      | 1573 ||| ENCHANTING +0 cloak.
  1574 | D:2      | 1574 ||| READING 2 scrolls of identify.
  1574 | D:2      | 1574 ||| IDENTIFYING smoky sapphire potion
  1575 | D:2      | 1575 ||| DROPPING potion of invisibility.
  1583 | D:3      | Found an ancient bone altar of Kikubaaqudgha.
  1696 | D:3      | Found a shadowy altar of Dithmenos.
  1792 | D:3      | Reached XP level 4. HP: 36/36 MP: 4/4
  1955 | D:3      | Found a broken altar of Ashenzari.
  2202 | D:3      | 2202 ||| READING scroll labelled IGUAMN ESIED.
  2203 | D:3      | 2203 ||| READING scroll labelled CUKHAA HIMN.
  2204 | D:3      | 2204 ||| READING 2 scrolls of identify.
  2204 | D:3      | 2204 ||| IDENTIFYING fizzy cyan potion
  2205 | D:3      | 2205 ||| DROPPING potion of brilliance.
  2275 | D:4      | 2275 ||| Stepping ~*~*~tactically~*~*~ (outnumbered).
  2278 | D:4      | Reached skill level 5 in Ranged Weapons
  2286 | D:4      | 2286 ||| FLEEEEING.
  2295 | D:4      | Reached XP level 5. HP: 35/44 MP: 5/5
  2403 | D:4      | Identified the +0 ring mail of Eye-covered Freedom {Rampage
                  | rElec Slay-2}
  2413 | D:4      | Noticed a phantom
  2420 | D:4      | Reached skill level 3 in Fighting
  2430 | D:4      | Killed a phantom
  2431 | D:4      | Reached skill level 6 in Ranged Weapons
  2492 | D:4      | Noticed a phantom
  2510 | D:4      | Killed a phantom
  2511 | D:4      | Reached XP level 6. HP: 39/52 MP: 6/6
  2684 | D:4      | Identified the +5 rapier of the Fray {pain, Dex+5 Stlth-}
  2709 | D:4      | Noticed Edmund
  2727 | D:4      | HP: 11/52 [Edmund/+2 flail of holy wrath (6)]
  2728 | D:4      | 2728 ||| READING 3 scrolls of teleportation.
  2729 | D:4      | HP: 3/52 [Edmund/+2 flail of holy wrath (5)]
  2731 | D:4      | Slain by Edmund

Levels and vault maps discovered:
D:1:      dpeg_arrival_castle, layout_loops_ring, minmay_tetromino_t2
D:2:      layout_loops_ring, serial_shops, nicolae_shop_tiny_real_fake_doors,
          basic_altar, chequers_ecumenical_altar_simple, columned_hall_lemuel
D:3:      layout_basic, ashenzari_altar_1, nicolae_dithmenos_the_darkroom,
          overflow_temple_1_default
D:4:      layout_cave_pools, mainiacjoe_overflow_alcove_2,
          hangedman_decor_riveting, minmay_misc_feat_more_columns,
          serial_bayou_ford_a, uniq_edmund

Skill      XL: |  1  2  3  4  5 |
---------------+----------------+-----
Ranged Weapons | 3 4 5 6 |  6.9
Fighting       | 2 4 |  4.1
Armour         | 1 |  1.0
Dodging        | |  2.1
Spellcasting   | |  1.0
Hexes          | |  2.0

Action                     |  1- 3 |  4- 6 || total
---------------------------+-------+-------++-------
   Fire: Sling             |   108 |   133 ||   241
    Use: Scroll            |    13 |     4 ||    17
 Armour: Ring mail         |    11 |    40 ||    51
         Robe              |     2 |       ||     2
  Dodge: Dodged            |    25 |    42 ||    67

Table legend:
 A = Non-vault XP
 B = Vault XP
 C = Vault XP percentage of total XP
 D = Non-vault monster count
 E = Vault monster count
 F = Vault count percentage of total count
                 A         B        C        D         E       F
            +---------+---------+-------+---------+---------+-------
      Total |     618 |       2 |   0.3 |      57 |       2 |   3.4
            +---------+---------+-------+---------+---------+-------
        D:1 |      25 |       2 |   7.4 |      13 |       2 |  13.3
        D:2 |      53 |       0 |   0.0 |      14 |       0 |   0.0
        D:3 |      54 |       0 |   0.0 |      13 |       0 |   0.0
        D:4 |     486 |       0 |   0.0 |      17 |       0 |   0.0
            +---------+---------+-------+---------+---------+-------
